 Dungeon Crawl Stone Soup version 0.27-a0-1501-g9d6fb14e67 (webtiles) character file.

Game seed: 7094665774495162034

12187 Kinoniko the Carver (level 11, -5/123 HPs)
             Began as a Red Draconian Berserker on July 8, 2021.
             Was a Priest of Trog.
             Slain by a minotaur (30 damage)
             ... in a Gauntlet.
             The game lasted 00:17:44 (13355 turns).

Kinoniko the Carver (Red Draconian Berserker)      Turns: 13355, Time: 00:17:45

Health: -5/123     AC: 10    Str: 21    XL:     11   Next: 59%
Magic:  11/11      EV: 17    Int:  7    God:    Trog [***...]
Gold:   220        SH:  5    Dex: 19    Spells: 10/10 levels left

rFire    + . .     SeeInvis .   L - +1 scimitar (flame)
rCold    + + .     Faith    .   (no shield)
rNeg     . . .     Spirit   .   (armour unavailable)
rPois    .         Reflect  +   (helmet restricted)
rElec    +         Harm     .   (no cloak)
rCorr    +         Rampage  .   B - +2 pair of gloves {Str+3}
Will     +....     NoTele   +   (no boots)
Stlth    ..........             J - amulet "Baelurear" {Reflect rElec rC+ Dex+3 SH+5}
HPRegen  0.30/turn              b - ring of Boetz {Will+ rCorr Str-2 Dex+2}
MPRegen  0.12/turn              o - ring of protection from cold

@: berserking (expiring), very quick
A: breathe fire, AC +7, unfitting armour, fire resistance 1, cold-blooded
a: Breathe Fire, Renounce Religion, Berserk, Trog's Hand


You were in a Gauntlet.
You worshipped Trog.
Trog was most pleased with you.
You visited 1 branch of the dungeon, and saw 11 of its levels.
You also visited: Sewer, Ossuary and Gauntlet.

You collected 604 gold pieces.
You spent 384 gold pieces at shops.

Inventory:

Hand Weapons
 h - a +1 short sword of venom
 A - a +4 vorpal rapier
 C - a +4 vorpal scimitar
 L - a +1 scimitar of flaming (weapon)
Missiles
 q - 7 javelins (quivered)
 x - 2 throwing nets
Armour
 m - a +2 pair of gloves
 B - a +2 pair of gloves of strength (worn)
Jewellery
 b - the ring of Boetz (left hand) {Will+ rCorr Str-2 Dex+2}
   (You found it on level 5 of the Dungeon)

   [ring of willpower]

   Str:       It affects your strength (-2).
   Dex:       It affects your dexterity (+2).
   rCorr:     It protects you from acid and corrosion.
   Will:      It increases your willpower.
 d - an amulet of faith
 j - a +6 ring of intelligence
 l - a ring of fire
 o - a ring of protection from cold (right hand)
 F - a ring of flight
 G - a ring of resist corrosion
 I - a +6 ring of strength
 J - the amulet "Baelurear" (around neck) {Reflect rElec rC+ Dex+3 SH+5}
   (You found it on level 10 of the Dungeon)

   [amulet of reflection]

   It reflects blocked missile attacks.
   Dex:       It affects your dexterity (+3).
   rC:        It protects you from cold.
   rElec:     It insulates you from electricity.
   SH:        It affects your SH (+5).
 N - the ring "Wonyeph" {Ice Int+3}
   (You found it in a Gauntlet)

   [ring of ice]

   It enhances your ice magic.
   Int:       It affects your intelligence (+3).
   rF:        It makes you vulnerable to fire.
   rC:        It protects you from cold.
 O - the ring "Zoguont" {rC+ Int+4}
   (You found it in a Gauntlet)

   [ring of protection from cold]

   Int:       It affects your intelligence (+4).
   rC:        It protects you from cold.
Wands
 p - a wand of mindburst (39)
 r - a wand of polymorph (10)
 t - a wand of acid (24)
 u - a wand of paralysis (20)
 v - a wand of iceblast (16)
 y - a wand of charming (14)
 D - a wand of flame (18)
 H - a wand of digging (2)
Scrolls
 i - 2 scrolls of vulnerability
 s - 2 scrolls of amnesia
 w - 2 scrolls of teleportation
 z - a scroll of identify
Potions
 c - 2 potions of might
 e - 5 potions of flight
 f - 2 potions of heal wounds
 g - a potion of lignification
 k - a potion of curing
 n - 5 potions of mutation
 E - a potion of cancellation {unknown}
 K - a potion of attraction {unknown}
 M - a potion of haste {unknown}


   Skills:
 - Level 3.2 Fighting
 - Level 10.4(12.9) Short Blades
 * Level 12.7(14.0) Long Blades
 + Level 8.6 Dodging


You had 10 spell levels left.
You didn't know any spells.
Your spell library was empty.

Dungeon Overview and Level Annotations

Branches:
Dungeon (11/15)            Temple (0/1) D:5           Sewer (visited)
Ossuary (visited)         Gauntlet (1/1)
   Lair: D:8-11         Orc: D:9-12

Altars:
Ashenzari
Cheibriados
Dithmenos
Makhleb
Okawaru
Sif Muna
Trog
Vehumet
Yredelemnul

Shops:
D:8 [?*

Annotations:
Gauntlet 12 transporters, exclusion: lightning spire


Innate Abilities, Weirdness & Mutations

You can breathe blasts of fire.
Your fiery red scales are hard. (AC +7)
You cannot fit into any form of body armour.
Your flesh is heat resistant. (rF+)
You are cold-blooded and may be slowed by cold attacks.


Message History

The minotaur is lightly wounded.
The minotaur hits you with a +2 rapier of protection!!!
The minotaur barely misses you.
You are too injured to fight recklessly!
You are too injured to fight recklessly!
You are too injured to fight recklessly!
You are too injured to fight recklessly!
You are too injured to fight recklessly!
You closely miss the minotaur.
The minotaur is lightly wounded.
You slice the minotaur!! You burn the minotaur.
Your tail-slap misses the minotaur.
The minotaur is heavily wounded.
You hit the minotaur. You burn the minotaur.
You tail-slap the minotaur, but do no damage.
The minotaur is heavily wounded.
The minotaur hits you with a +2 rapier of protection!
The minotaur misses you.
You hit the minotaur but do no damage.
The minotaur is heavily wounded.
You barely miss the minotaur.
The minotaur furiously retaliates!
The minotaur headbutts you, but does no damage.
The minotaur is heavily wounded.
The minotaur hits you with a +2 rapier of protection!!
* * * LOW HITPOINT WARNING * * *
The minotaur gores you but does no damage.
Unknown command.
You hit the minotaur. You burn the minotaur.
The minotaur is heavily wounded.
You slice the minotaur!! You burn the minotaur.
The minotaur is almost dead.
The minotaur completely misses you.
The minotaur gores you but does no damage.
You barely miss the minotaur.
You tail-slap the minotaur, but do no damage.
The minotaur is almost dead.
You barely miss the minotaur.
The minotaur is almost dead.
The minotaur hits you with a +2 rapier of protection!!
You die...

###
####8§.©.©.©.©.©.©§.8####
### #≈...............≈#
#####.###.###.#####
###.###.###.###
#.............#
#.###.###.###.#
#.###.###.###.#
#.............#
######@####### #..H..#
###.### ... ≈∩≈ ≈≈≈≈≈
#####


You could see a minotaur.

Vanquished Creatures
  2 two-headed ogres
  A shock serpent (shapeshifter) (Gauntlet)
  2 large abominations (Gauntlet)
  A moth of wrath (Gauntlet)
  A centaur zombie (D:10)
  A gargoyle (D:10)
  An efreet (D:10)
  2 trolls
  A meliai zombie (D:10)
  2 wyverns
  4 wraiths
  7 yaks
  4 small abominations (Gauntlet)
  2 steam dragons
  A water moccasin (D:7)
  3 orc warriors (D:10)
  3 ice beasts
  2 sky beasts
  A hornet zombie (D:6)
  A black bear (D:7)
  2 ogres
  5 wolves (Gauntlet)
  A phantom (D:5)
  3 centaurs
  4 bullfrogs
  A kobold brigand (D:9)
  5 scorpions
  A wyvern skeleton (D:5)
  10 killer bees
  10 howler monkeys
  16 wights
  3 orc priests
  A gnoll shaman (D:8)
  5 hounds
  2 jellies (D:5)
  2 centaur skeletons (D:7)
  A bullfrog skeleton (D:5)
  2 iguanas
  5 orc wizards
  A hound zombie (D:5)
  A mummy (D:4)
  A howler monkey zombie (D:9)
  16 adders
  6 gnolls
  A howler monkey skeleton (D:6)
  A white imp (D:7)
  An ufetubus (D:4)
  An adder skeleton (D:2)
  A worm (D:4)
  4 dart slugs
  26 orcs
  10 ball pythons
  24 endoplasms
  13 giant cockroaches
  5 goblins
  10 hobgoblins
  9 jackals (D:1)
  13 quokkas
  A ball python skeleton (Ossuary)
  5 bats
  14 frilled lizards
  2 hobgoblin skeletons (Ossuary)
  11 kobolds
  A kobold zombie (Ossuary)
  An orc skeleton (Ossuary)
  6 rats
306 creatures vanquished.

Vanquished Creatures (collateral kills)
  A water moccasin (D:8)
  A gnoll (D:8)
2 creatures vanquished.

Vanquished Creatures (others)
  A gnoll (D:8)
  A demonic plant (Gauntlet)
  2 fungi (D:8)
  17 plants
21 creatures vanquished.

Grand Total: 329 creatures vanquished

Notes
Turn   | Place    | Note
-------+----------+-------------------------------------------
     0 | D:1      | Kinoniko the Draconian Berserker began the quest for the
                  | Orb.
     0 | D:1      | Reached XP level 1. HP: 19/19 MP: 1/1
   206 | D:1      | Reached XP level 2. HP: 24/26 MP: 2/2
   548 | D:1      | Reached XP level 3. HP: 31/31 MP: 3/3
   992 | D:2      | Reached skill level 4 in Long Blades
  1023 | D:2      | Reached ** piety under Trog
  1410 | D:2      | Reached XP level 4. HP: 33/38 MP: 4/4
  2092 | D:3      | Found a burning altar of Makhleb.
  2263 | D:3      | Reached skill level 5 in Long Blades
  2265 | D:3      | Reached XP level 5. HP: 35/45 MP: 5/5
  2463 | D:3      | Reached *** piety under Trog
  2918 | D:4      | Found a snail-covered altar of Cheibriados.
  3157 | D:4      | Noticed an ogre
  3162 | D:4      | Killed an ogre
  3163 | D:4      | Reached XP level 6. HP: 51/51 MP: 6/6
  3208 | D:4      | Found a glowing drain.
  3255 | D:4      | Reached skill level 6 in Long Blades
  3304 | Sewer    | Entered a sewer
  3471 | Sewer    | Reached **** piety under Trog
  4010 | Sewer    | Your scales start taking on a fiery red colour.
  4010 | Sewer    | Reached XP level 7. HP: 57/57 MP: 7/7
  4010 | Sewer    | Gained mutation: Your flesh is heat resistant. (rF+) [Red
                  | Draconian growth]
  4145 | D:4      | Found a basalt altar of Yredelemnul.
  4284 | D:4      | Reached skill level 7 in Long Blades
  4293 | D:4      | Reached skill level 5 in Dodging
  4725 | D:5      | Entered Level 5 of the Dungeon
  4915 | D:5      | Reached skill level 8 in Long Blades
  5301 | D:5      | Reached XP level 8. HP: 62/63 MP: 8/8
  5382 | D:5      | Reached skill level 1 in Short Blades
  5761 | D:5      | Found a staircase to the Ecumenical Temple.
  5766 | D:5      | Identified the ring of Boetz {Will+ rCorr Str-2 Dex+2}
  5815 | D:5      | Reached ***** piety under Trog
  5905 | D:5      | Found an iron altar of Okawaru.
  5982 | D:5      | Found a shadowy altar of Dithmenos.
  6117 | D:6      | Found a broken altar of Ashenzari.
  6243 | D:6      | Reached skill level 5 in Short Blades
  6700 | D:6      | Reached XP level 9. HP: 67/70 MP: 9/9
  7975 | D:7      | Received a gift from Trog
  8470 | D:8      | Found Laubuosto's Armour Shop.
  8522 | D:8      | Reached skill level 10 in Short Blades
  8715 | D:8      | Found a sand-covered staircase.
  8720 | Ossuary  | Entered an ossuary
  9010 | Ossuary  | Reached XP level 10. HP: 76/77 MP: 10/10
  9140 | D:8      | Found a shimmering blue altar of Sif Muna.
  9306 | D:8      | Reached skill level 9 in Long Blades
  9505 | D:8      | Found Isiyroq's Assorted Antiques.
  9513 | D:8      | Bought a scroll of identify for 56 gold pieces
  9513 | D:8      | Bought a scroll labelled BIMUMP XUKOELA for 28 gold pieces
  9711 | D:8      | Found Heseib's Magic Scroll Boutique.
  9720 | D:8      | Bought a scroll of brand weapon for 300 gold pieces
  9968 | D:9      | Noticed a two-headed ogre
  9977 | D:9      | Killed a two-headed ogre
 10115 | D:9      | Reached skill level 10 in Long Blades
 10402 | D:9      | Found a radiant altar of Vehumet.
 10649 | D:10     | Entered Level 10 of the Dungeon
 10917 | D:10     | Reached skill level 11 in Long Blades
 11044 | D:10     | Noticed an ogre mage
 11044 | D:10     | Noticed a two-headed ogre
 11044 | D:10     | Noticed a two-headed ogre
 11044 | D:10     | Noticed a two-headed ogre
 11044 | D:10     | Noticed a two-headed ogre
 11193 | D:10     | Identified the amulet "Baelurear" {Reflect rElec rC+ Dex+3
                  | SH+5}
 11242 | D:10     | Reached XP level 11. HP: 82/82 MP: 11/11
 11300 | D:10     | Found a bloodstained altar of Trog.
 11368 | D:10     | Noticed a two-headed ogre
 11377 | D:10     | Killed a two-headed ogre
 11529 | D:10     | Noticed a sphinx
 11536 | D:10     | Noticed a storm dragon
 11986 | D:11     | Found a gate leading to a gauntlet.
 12011 | Gauntlet | Entered a Gauntlet
 12011 | Gauntlet | Found a transporter.
 12021 | Gauntlet | Found a transporter.
 12036 | Gauntlet | Found a transporter.
 12041 | Gauntlet | Found a transporter.
 12050 | Gauntlet | Noticed a reaper
 12056 | Gauntlet | Found a transporter.
 12075 | Gauntlet | Found a transporter.
 12087 | Gauntlet | Found a transporter.
 12095 | Gauntlet | Noticed a death scarab
 12096 | Gauntlet | Found a transporter.
 12108 | Gauntlet | Noticed a death scarab
 12111 | Gauntlet | Found a transporter.
 12113 | Gauntlet | Noticed a large abomination
 12117 | Gauntlet | Noticed a large abomination
 12123 | Gauntlet | Found a transporter.
 12129 | Gauntlet | Found a transporter.
 12129 | Gauntlet | Found a transporter.
 12168 | Gauntlet | Found a transporter.
 12195 | Gauntlet | Found a transporter.
 12213 | Gauntlet | Found a transporter.
 12215 | Gauntlet | Found a transporter.
 12317 | Gauntlet | Found a transporter.
 12317 | Gauntlet | Found a transporter.
 12463 | Gauntlet | Noticed a glowing orange brain
 12465 | Gauntlet | a glowing orange brain changed into a moth of wrath
 12489 | Gauntlet | Noticed a swamp dragon
 12489 | Gauntlet | an eye of devastation changed into a swamp dragon
 12541 | Gauntlet | Reached skill level 12 in Long Blades
 12588 | Gauntlet | Noticed a shock serpent
 12643 | Gauntlet | Noticed a mana viper
 12806 | Gauntlet | Noticed a shock serpent
 12811 | Gauntlet | Identified the ring "Wonyeph" {Ice Int+3}
 12845 | Gauntlet | Killed a shock serpent
 12885 | Gauntlet | Identified the ring "Zoguont" {rC+ Int+4}
 12947 | Gauntlet | Killed a large abomination
 12956 | Gauntlet | Killed a large abomination
 13341 | Gauntlet | Noticed a minotaur
 13355 | Gauntlet | Slain by a minotaur

Illustrated notes

Levels and vault maps discovered:
D:1:      giann_horns, layout_basic
D:2:      layout_loops_corners
D:3:      layout_rooms, mainiacjoe_overflow_surrounded_room
D:4:      layout_loops_corners, mainiacjoe_overflow_paths, slow_altar_1,
          gup_sewer_entry_glass
D:5:      layout_cave_pools, grunt_dithmenos_shadows,
          mainiacjoe_overflow_24_doors, temple_hall, kennysheep_generic_room_12
D:6:      layout_loops_ring, lemuel_crystal_altar
D:7:      layout_basic
D:8:      layout_loops_cross, mainiacjoe_overflow_chevrons, enter_ossuary_2,
          serial_shops, shop, nicolae_shop_stone,
          nicolae_shop_overgrown_old_shop
D:9:      layout_roguey, kennysheep_little_box
D:10:     nzn_winding_woodlands_three_and_one
          [nzn_winding_woodlands_5x15_river_crossing,
          nzn_winding_woodlands_5x15_garden,
          nzn_winding_woodlands_5x15_sidewinder,
          nzn_winding_woodlands_center_garden], layout_stronghold,
          mainiacjoe_overflow_six_doors_small
D:11:     layout_cave_pods, lair_entry_dummy, gauntlet_entry_generic,
          serial_shops, nicolae_shop_behind_doors
Gauntlet: gammafunk_gauntlet_one_two_three [nicolae_gauntlet_arena_grate_2,
          nicolae_gauntlet_arena_quarters, gammafunk_gauntlet_arena_grid,
          gammafunk_gauntlet_arena_split_diamond,
          gammafunk_gauntlet_arena_mazey, gammafunk_gauntlet_arena_spirals,
          gammafunk_gauntlet_arena_crates, nicolae_gauntlet_arena_blocks,
          nicolae_gauntlet_arena_t_cross, gauntlet_exit_watery]

Skill      XL: |  1  2  3  4  5  6  7  8  9 10 11 |
---------------+----------------------------------+-----
Dodging        | 3 4 5 6 7 8 |  8.6
Long Blades    | 4 5 6 8 11 12 | 12.7
Short Blades   | 6 10 | 10.4
Fighting       | |  3.2

Action                   |  1- 3 |  4- 6 |  7- 9 | 10-12 || total
-------------------------+-------+-------+-------+-------++-------
Melee: Falchion          |    31 |       |       |       ||    31
       Tailslap          |     9 |    31 |    58 |    40 ||   138
       Dagger            |    62 |    83 |       |       ||   145
       Short sword       |       |   211 |   328 |    13 ||   552
       Rapier            |       |       |    70 |       ||    70
       Scimitar          |       |       |    20 |   213 ||   233
Invok: Berserk           |     3 |     7 |    15 |    16 ||    41
       Brothers in Arms  |       |       |     1 |       ||     1
       Trog's Hand       |       |       |       |     1 ||     1
 Abil: Breathe Fire      |       |       |     1 |       ||     1
  Use: Scroll            |       |     5 |    10 |    11 ||    26
       Potion            |       |       |       |     2 ||     2
 Stab: Sleeping          |     1 |       |     4 |     2 ||     7
       Distracted        |       |       |     1 |       ||     1
       Held in net/web   |       |       |     1 |       ||     1
       Invisible         |       |       |       |    11 ||    11
Armor: Skin              |    47 |    71 |    94 |    57 ||   269
Dodge: Dodged            |    60 |   192 |   218 |   141 ||   611
Block: Other             |       |       |       |     6 ||     6
       Rpst.: Falchion   |    11 |       |       |       ||    11
       Scimitar          |       |       |     1 |    43 ||    44

Table legend: (Time is in decaauts)
 A = Elapsed time spent in this place.
 B = Non-inter-level travel time spent in this place.
 C = Inter-level travel time spent in this place.
 D = Time resting spent in this place.
 E = Time spent auto-exploring this place.
 F = Levels seen in this place.
 G = Mean time per level.
                   A        B        C        D        E       F      G
               +--------+--------+--------+--------+--------+-----+--------+
         Total |  13583 |  13349 |    234 |   4418 |   6736 |  14 |  970.2 |
       Dungeon |  10939 |  10705 |    234 |   3188 |   6081 |  11 |  994.5 |
         Sewer |    861 |    861 |      0 |    475 |    122 |   1 |  861.0 |
       Ossuary |    424 |    424 |      0 |    103 |    187 |   1 |  424.0 |
      Gauntlet |   1357 |   1357 |      0 |    650 |    345 |   1 | 1357.0 |
               +--------+--------+--------+--------+--------+-----+--------+

Top non-repeatable levels by time:
     D:4: 1660 daAuts
Gauntlet: 1357 daAuts
     D:7: 1256 daAuts
     D:8: 1254 daAuts
    D:10: 1125 daAuts
     D:5: 1095 daAuts
     D:1: 1006 daAuts
     D:2: 948 daAuts
     D:6: 915 daAuts
   Sewer: 861 daAuts
     D:9: 706 daAuts
     D:3: 701 daAuts
 Ossuary: 424 daAuts
    D:11: 269 daAuts
